 Dungeon Sprint DCSS version 0.25.1-8-g42b30a86e7 (webtiles) character file.

Game seed: 4235680170025780179

44168 Groucho the Tortoise (level 14, -2/104 HPs)
             Began as a Gargoyle Fighter on Nov 30, 2020.
             Was the Champion of Cheibriados.
             Slain by a vampire knight
             ... wielding a +3 scythe of freezing
              (7 damage)
             ... in the Dungeon (Sprint VII: "The Pits").
             The game lasted 00:16:58 (5190 turns).

Groucho the Tortoise (Gargoyle Fighter)             Turns: 5190, Time: 00:16:59

Health: -2/104     AC: 41    Str: 37    XL:     14   Next: 27%
Magic:  12/25      EV:  8    Int: 29    God:    Cheibriados [******]
Gold:   25         SH:  0    Dex: 28    Spells: 13/13 levels left

rFire    . . .     SeeInvis .   G - +5 broad axe
rCold    . . .     Gourm    .   I - +1 tower shield
rNeg     + . .     Faith    .   v - +4 plate armour {rPois}
rPois    ∞         Spirit   .   H - +1 helmet
rElec    +         Reflect  .   (no cloak)
rCorr    .         Harm     .   K - +1 pair of gloves
MR       +....     NoTele   +   c - +1 pair of boots
Stlth    ..........             (no amulet)
HPRegen  0.27/turn              b - +3 ring of intelligence
MPRegen  0.19/turn              s - +3 ring of intelligence

@: confused, very slow
A: big wings, negative energy resistance 1, electricity resistance, unbreathing,
petrification resistance, rot immunity, AC +10
a: Fly, Bend Time, Temporal Distortion, Slouch, Step From Time, Renounce
Religion


You were in the Dungeon.
You worshipped Cheibriados.
Cheibriados was exalted by your worship.
You were full.

You visited 1 branch You collected 25 gold pieces.

Inventory:

Hand Weapons
 l - a +2 hand axe of flaming
 G - a +5 broad axe (weapon)
Missiles
 q - 10 stones (quivered)
Armour
 c - a +1 pair of boots (worn)
 v - a +4 plate armour of poison resistance (worn)
 w - a +0 kite shield of reflection
 H - a +1 helmet (worn)
 I - a +1 tower shield (worn)
 J - +2 gold dragon scales
 K - a +1 pair of gloves (worn)
Jewellery
 b - a +3 ring of intelligence (left hand)
 m - the ring of Howitax {Wiz rC++ rN+ Int+2 Dex-5}
   (You found it in the Dungeon)

   [ring of wizardry]

   It improves your spell success rate.
   It affects your intelligence (+2).
   It affects your dexterity (-5).
   It greatly protects you from cold.
   It protects you from negative energy.
 r - an uncursed ring of positive energy
 s - a +3 ring of intelligence (right hand)
 E - an uncursed ring of protection from fire
Wands
 x - a wand of digging (2)
 y - a wand of enslavement (7)
 z - a wand of iceblast (7)
 F - a wand of flame (11)
Scrolls
 k - 4 scrolls of blinking
 n - 5 scrolls of remove curse
 o - 5 scrolls of amnesia
 p - a scroll of summoning
 A - 2 scrolls of identify
 B - a scroll of fog
 C - 2 scrolls of enchant weapon
 D - 2 scrolls of enchant armour
Potions
 a - 2 potions of invisibility
 d - 2 potions of might
 e - 9 potions of curing
 g - 5 potions of heal wounds
 h - 2 potions of haste
 i - 3 potions of magic
 j - 4 potions of berserk rage
 t - 3 potions of brilliance
 u - 3 potions of stabbing
Comestibles
 f - 19 rations


   Skills:
 + Level 18.9 Fighting
 + Level 16.2 Axes
 + Level 18.9 Armour
 + Level 18.9 Shields
 + Level 15.5 Invocations


You had 13 spell levels left.
You didn't know any spells.
Your spell library was empty.

Dungeon Overview and Level Annotations

Branches:
Dungeon (1/1)

Altars:
Ashenzari
Cheibriados
Dithmenos
Elyvilon
Fedhas
Gozag
Hepliaklqana
Kikubaaqudgha
Makhleb
Nemelex Xobeh
Okawaru
Qazlal
Ru
Sif Muna
Trog
Uskayaw
Vehumet
Wu Jian
Xom
Yredelemnul
Zin
The Shining One
Beogh
Jiyva
Lugonu


Innate Abilities, Weirdness & Mutations

You are resistant to torment.
Your stone body is resilient. (AC +10)
You are immune to poison.
Your large and strong wings let you fly indefinitely.
You resist negative energy. (rN+)
You are resistant to electric shocks. (rElec)
You can survive without breathing.
You are immune to petrification.
You are immune to rotting.


Message History

You feel a bit more experienced.
You hit the alligator snapping turtle but do no damage.
The alligator snapping turtle bites you but does no damage.
You hit the alligator snapping turtle.
The alligator snapping turtle is severely wounded.
Something hits you but does no damage.
Deactivating autopickup; reactivate with Ctrl-A.
The alligator snapping turtle bites you but does no damage.
The deep troll bites you!
* * * LOW HITPOINT WARNING * * *
The deep troll claws you.
* * * LOW HITPOINT WARNING * * *
The deep troll barely misses you.
The alligator snapping turtle barely misses you.
The deep troll bites you but does no damage.
The deep troll claws you but does no damage. x2
Something hits you!
* * * LOW HITPOINT WARNING * * *
Something freezes you!
You die...

#...... #...... +..#...
+...... #......
#######################..#...
#...........@Tt......''......
#..........§)tD......''......
#..###########'####..##..#...
#..# #.#Z# #..##...... #..#
#{# #)##..##...... #..# #D#
#)#..####''## #..# #"#
##..####''## #..# #.#
#..##......
#..################..##.#'##.


You could see an alligator snapping turtle, a six-headed hydra, a deep troll, a
fire crab and an adder skeleton.

Vanquished Creatures
  Frances (D)
  A death cob (D)
  2 nagarajas (D)
  A ghost moth (D)
  Aizul (D)
  2 orc warlords (D)
  A dire elephant (D)
  An ophan (D)
  2 eidola (D)
  A rakshasa (D)
  2 naga warriors (D)
  2 vault guards (D)
  2 hydras (D)
  A two-headed ogre (D)
  A spriggan air mage (D)
  An alligator (D)
  An anaconda (D)
  A death yak (D)
  A vampire mage (D)
  Sonja (D)
  3 deep elf knights (D)
  A sea snake (D)
  An unseen horror (D)
  A swamp dragon (D)
  3 harpies (D)
  12 orc knights (D)
  A deep elf mage (D)
  2 rust devils (D)
  Maurice (D)
  A gargoyle (D)
  Psyche (D)
  A spiny frog (D)
  3 kobold demonologists (D)
  An ice devil (D)
  2 demonic crawlers (D)
  A rime drake (D)
  A komodo dragon (D)
  A wind drake (D)
  A polar bear (D)
  A guardian mummy (D)
  5 blink frogs (D)
  6 dream sheep (D)
  A hippogriff (D)
  4 snapping turtles (D)
  2 ynoxinuls (D)
  A wraith (D)
  Eustachio (D)
  A basilisk (D)
  A wyvern (D)
  A shadow (D)
  2 neqoxecs (D)
  A warg (D)
  A floating eye (D)
  7 hell hounds (D)
  A swamp drake (D)
  An orc warrior (D)
  An ice beast (D)
  A phantom (D)
  An ogre (D)
  5 wolves (D)
  A centaur (D)
  A big kobold (D)
  2 small abominations (D)
  A quasit (D)
  3 hounds (D)
  2 orc priests (D)
  2 orc wizards (D)
  An iron imp (D)
  2 iguanas (D)
  A hell rat (D)
  A worker ant (D)
  An adder (D)
  A gnoll (D)
  A river rat (D)
  2 ufetubi (D)
  An ooze (D)
  6 orcs (D)
  A bat (D)
  3 giant cockroaches (D)
  2 goblins (D)
  3 jackals (D)
  2 kobolds (D)
  A rat (D)
150 creatures vanquished.

Notes
Turn   | Place    | Note
-------+----------+-------------------------------------------
     0 | D        | Groucho the Gargoyle Fighter began the quest for the Orb.
     0 | D        | Reached XP level 1. HP: 14/14 MP: 1/1
     8 | D        | Noticed a floating eye
    10 | D        | Paralysed by a floating eye for 4 turns
    15 | D        | Killed a floating eye
    15 | D        | Reached skill level 5 in Fighting
    15 | D        | Reached skill level 5 in Armour
    15 | D        | Reached skill level 5 in Shields
    15 | D        | Reached XP level 2. HP: 22/22 MP: 2/2
    15 | D        | Reached XP level 3. HP: 27/27 MP: 3/3
    15 | D        | Reached XP level 4. HP: 32/32 MP: 4/4
    45 | D        | Found a bloodstained altar of Trog.
    45 | D        | Found a shimmering blue altar of Sif Muna.
    45 | D        | Found a viscous altar of Jiyva.
    45 | D        | Found a hazy altar of Hepliaklqana.
    45 | D        | Found an opulent altar of Gozag.
    46 | D        | Found a glowing golden altar of the Shining One.
    46 | D        | Found a glowing silver altar of Zin.
    46 | D        | Found a basalt altar of Yredelemnul.
    46 | D        | Found a shimmering altar of Xom.
    46 | D        | Found an ornate altar of the Wu Jian Council.
    46 | D        | Found a sacrificial altar of Ru.
    46 | D        | Found a stormy altar of Qazlal.
    46 | D        | Found an iron altar of Okawaru.
    46 | D        | Found a sparkling altar of Nemelex Xobeh.
    46 | D        | Found a burning altar of Makhleb.
    46 | D        | Found a blossoming altar of Fedhas.
    46 | D        | Found a white marble altar of Elyvilon.
    46 | D        | Found a shadowy altar of Dithmenos.
    46 | D        | Found a snail-covered altar of Cheibriados.
    48 | D        | Found a radiant altar of Vehumet.
    48 | D        | Found a corrupted altar of Lugonu.
    48 | D        | Found a roughly hewn altar of Beogh.
    49 | D        | Found a hide-covered altar of Uskayaw.
    49 | D        | Found an ancient bone altar of Kikubaaqudgha.
    49 | D        | Found a shattered altar of Ashenzari.
    57 | D        | Became a worshipper of Cheibriados the Contemplative
    78 | D        | Reached XP level 5. HP: 34/36 MP: 5/5
    92 | D        | Reached * piety under Cheibriados
   108 | D        | Reached ** piety under Cheibriados
   114 | D        | Reached skill level 5 in Axes
   115 | D        | Reached *** piety under Cheibriados
   214 | D        | Noticed a warg
   216 | D        | Noticed a centaur
   222 | D        | Killed a warg
   222 | D        | Reached **** piety under Cheibriados
   222 | D        | Reached XP level 6. HP: 27/44 MP: 6/6
   246 | D        | Reached ***** piety under Cheibriados
   252 | D        | Reached XP level 7. HP: 24/50 MP: 7/7
   628 | D        | Noticed Sonja
   632 | D        | Killed Sonja
   632 | D        | Reached skill level 10 in Fighting
   632 | D        | Reached skill level 10 in Armour
   632 | D        | Reached skill level 10 in Shields
   632 | D        | Reached XP level 8. HP: 19/57 MP: 8/8
   934 | D        | Reached ****** piety under Cheibriados
   953 | D        | Noticed a wraith
   967 | D        | Killed a wraith
  1090 | D        | Noticed a harpy
  1090 | D        | Noticed a harpy
  1090 | D        | Noticed a harpy
  1092 | D        | Killed a harpy
  1092 | D        | Reached XP level 9. HP: 53/64 MP: 9/9
  1092 | D        | Killed a harpy
  1092 | D        | Killed a harpy
  1092 | D        | Reached skill level 10 in Axes
  1138 | D        | Reached skill level 1 in Invocations
  1138 | D        | Reached XP level 10. HP: 72/72 MP: 9/11
  1456 | D        | Noticed an eight-headed hydra
  1456 | D        | Noticed Psyche
  1464 | D        | Killed a three-headed hydra
  1464 | D        | Reached skill level 5 in Invocations
  1469 | D        | Killed Psyche
  1741 | D        | Noticed a rust devil
  1744 | D        | Killed a rust devil
  2010 | D        | Noticed a sea snake
  2015 | D        | Killed a sea snake
  2015 | D        | Reached XP level 11. HP: 72/79 MP: 4/16
  2391 | D        | Noticed a two-headed ogre
  2392 | D        | Noticed an orc knight
  2396 | D        | Killed a two-headed ogre
  2400 | D        | Killed an orc knight
  2846 | D        | Noticed a death yak
  2846 | D        | Noticed a swamp dragon
  2850 | D        | Killed an unseen horror
  2853 | D        | Killed a swamp dragon
  2857 | D        | Killed a death yak
  2857 | D        | Reached skill level 15 in Fighting
  2857 | D        | Reached skill level 15 in Armour
  2857 | D        | Reached skill level 15 in Shields
  3519 | D        | Noticed Maurice
  3519 | D        | Noticed an anaconda
  3532 | D        | Killed an anaconda
  3532 | D        | Reached skill level 10 in Invocations
  3532 | D        | Reached XP level 12. HP: 41/88 MP: 19/19
  3534 | D        | Killed Maurice
  3926 | D        | Noticed a four-headed hydra
  3932 | D        | Killed a one-headed hydra
  3961 | D        | Noticed Eustachio
  3962 | D        | Noticed a rakshasa
  3967 | D        | Killed Eustachio
  3990 | D        | Killed a rakshasa
  4303 | D        | Noticed a death cob
  4304 | D        | Noticed an orc warlord
  4304 | D        | Noticed an orc warlord
  4306 | D        | Killed a death cob
  4306 | D        | Noticed a vault guard
  4314 | D        | Killed an orc warlord
  4314 | D        | Reached XP level 13. HP: 95/95 MP: 1/22
  4319 | D        | Killed an orc warlord
  4324 | D        | Killed a vault guard
  4368 | D        | Noticed an eidolon
  4377 | D        | Killed a ghost moth
  4380 | D        | Killed an eidolon
  4383 | D        | Reached skill level 15 in Axes
  4714 | D        | Noticed a vault guard
  4725 | D        | Killed a vault guard
  5057 | D        | Noticed Frances
  5057 | D        | Noticed a nagaraja
  5057 | D        | Noticed a nagaraja
  5063 | D        | Killed a nagaraja
  5065 | D        | Killed a nagaraja
  5068 | D        | Killed Frances
  5068 | D        | Gained mutation: Your large and strong wings let you fly
                  | indefinitely. [Gargoyle growth]
  5068 | D        | Reached XP level 14. HP: 65/104 MP: 5/25
  5085 | D        | Got the ring of Howitax {Wiz rC++ rN+ Int+2 Dex-5}
  5161 | D        | Noticed a dire elephant
  5162 | D        | Noticed Aizul
  5162 | D        | Noticed an ophan
  5163 | D        | Reached skill level 15 in Invocations
  5166 | D        | Killed Aizul
  5166 | D        | Killed an ophan
  5167 | D        | Killed a dire elephant
  5182 | D        | Noticed a vampire knight
  5190 | D        | HP: 5/104 [something (16)]
  5190 | D        | Slain by a vampire knight

Illustrated notes

Levels and vault maps discovered:
D:        pitsprint [storerooms_1, entrance_room_1, metal_vault_2, armoury_1,
          mini_pit_1, grid_room_1, main_hall_1, silver_pit, the_coven_3,
          the_vestibule_1, steel_vault_5, golden_pit, hallway_of_sentries,
          crystal_vault_1, iron_vault_2, final_vault]

Skill      XL: |  1  2  3  4  5  6  7  8  9 10 11 12 13 14 |
---------------+-------------------------------------------+-----
Fighting       | 5 6 7 8 10 11 12 13 15 16 18 | 18.9
Axes           | 4 6 8 9 10 11 13 14 15 16 | 16.2
Armour         | 5 6 7 8 10 11 12 13 15 16 18 | 18.9
Shields        | 5 6 7 8 10 11 12 13 15 16 18 | 18.9
Invocations    | 2 7 10 12 14 15 | 15.5

Action                   |  1- 3 |  4- 6 |  7- 9 | 10-12 | 13-15 || total
-------------------------+-------+-------+-------+-------+-------++-------
Melee: War axe           |     3 |       |     2 |   106 |    70 ||   181
       Hand axe          |       |    69 |    34 |    15 |       ||   118
       Broad axe         |       |       |       |       |    28 ||    28
Invok: Slouch            |       |       |     1 |    18 |    12 ||    31
  Use: Potion            |       |       |       |       |     8 ||     8
  Eat: Ration            |       |       |       |     2 |     2 ||     4
Armor: Scale mail        |       |     7 |       |       |       ||     7
       Chain mail        |       |    20 |    25 |       |       ||    45
       Plate armour      |       |       |     1 |   105 |    95 ||   201
Dodge: Dodged            |       |    12 |    12 |    55 |    25 ||   104
Block: Kite shield       |       |    35 |    40 |   168 |    65 ||   308
       Tower shield      |       |       |       |       |    50 ||    50
